 Dungeon Crawl Stone Soup version 0.23-a0-677-g07611c5723 (webtiles) character file.

13577 Mazzaar the Geomancer (level 12, -4/70 HPs)
             Began as a Gargoyle Earth Elementalist on Jan 10, 2019.
             Was an Elder of Vehumet.
             Slain by a slime creature (10 damage)
             ... on level 12 of the Dungeon.
             The game lasted 00:52:11 (13513 turns).

Mazzaar the Geomancer (GrEE)                       Turns: 13513, Time: 00:52:12

Health: -4/70      AC: 16    Str: 17    XL:     12   Next: 7%
Magic:  19/23      EV: 14    Int: 24    God:    Vehumet [****..]
Gold:   979        SH:  0    Dex: 10    Spells: 7/26 levels left

rFire    + + .     SeeInvis .   z - +3 morningstar
rCold    + . .     Gourm    .   (no shield)
rNeg     + + .     Faith    .   c - +1 robe
rPois    ∞         Spirit   .   w - +1 hat {Int+3}
rElec    +         Reflect  .   x - scarf {rC+ rF+}
rCorr    .         Harm     .   N - +2 pair of gloves
MR       .....                  (no boots)
Stlth    ++........             (no amulet)
HPRegen  0.21/turn              k - +5 ring of strength
MPRegen  0.18/turn              i - ring "Heasuama" {rF+ rN+}

@: no status effects
A: negative energy resistance 1, electricity resistance, unbreathing,
petrification resistance, rot immunity, AC +8
a: Renounce Religion


You were on level 12 of the Dungeon.
You worshipped Vehumet.
Vehumet was greatly pleased with you.
You were hungry.

You visited 2 branches of the dungeon, and saw 13 of its levels.

You collected 1104 gold pieces.
You spent 125 gold pieces at shops.

Inventory:

Hand Weapons
 z - a +3 morningstar (weapon)
 M - the +7 great mace "Firestarter" {inner flame, rF++}
   (You found it on level 10 of the Dungeon)

   It has been specially enchanted to burn those struck by it, causing extra
   injury to most foes and up to half again as much damage against particularly
   susceptible opponents.
   It greatly protects you from fire.
Missiles
 b - 45 stones (quivered)
Armour
 c - a +1 robe (worn)
 w - a +1 hat of intelligence (worn)
 x - a scarf of resistance (worn)
 N - a +2 pair of gloves (worn)
Magical Staves
 v - an uncursed staff of earth {unknown}
 A - an uncursed staff of fire {unknown}
Jewellery
 i - the ring "Heasuama" (right hand) {rF+ rN+}
   (You found it on level 4 of the Dungeon)

   [ring of positive energy]

   It protects you from fire.
   It protects you from negative energy.
 k - a +5 ring of strength (left hand)
 C - an uncursed ring of protection from cold
 G - an uncursed ring of protection from fire
 I - an uncursed ring of protection from cold
Wands
 h - a wand of acid (9)
 u - a wand of paralysis (18)
 y - a wand of polymorph (4)
 B - a wand of scattershot (3)
Scrolls
 l - 2 scrolls of fear
 m - a scroll of fog
 p - a scroll of brand weapon {unknown}
 q - 7 scrolls of remove curse
 D - a scroll of amnesia
 L - a scroll of teleportation
Potions
 a - 2 potions of invisibility
 e - a potion of flight
 f - 3 potions of brilliance
 g - a potion of magic
 j - 5 potions of curing
 n - a potion of agility
 o - 3 potions of heal wounds
 r - a potion of might
 s - 3 potions of lignification
 E - a potion of cancellation
 F - a potion of resistance
 H - 2 potions of haste
 J - 2 potions of berserk rage
Miscellaneous
 K - a lamp of fire
Comestibles
 d - 22 rations


   Skills:
 + Level 6.3 Fighting
 + Level 5.7 Maces & Flails
 - Level 6.0 Armour
 + Level 5.0 Dodging
 - Level 2.1 Stealth
 + Level 7.6 Spellcasting
 + Level 8.3 Conjurations
   Level 0.7 Transmutations
 * Level 3.0 Fire Magic
 + Level 10.3 Earth Magic
 + Level 5.3 Evocations


You had 7 spell levels left.
You knew the following spells:

 Your Spells              Type           Power        Failure   Level  Hunger
a - Sandblast             Erth           ######       1%          1    None
b - Stone Arrow           Conj/Erth      ######       1%          3    None
c - Lee's Rapid Deconstr  Erth           ######....   1%          5    #####..
d - Fireball              Conj/Fire      #####.....   5%          5    #####..
e - Bolt of Magma         Conj/Fire/Erth #####.....   2%          5    #####..

Your spell library contained the following spells:

 Spells                   Type           Power        Failure   Level  Hunger
 Flame Tongue             Conj/Fire      #####        1%          1    None
 Passwall                 Tmut/Erth      #####...     1%          2    None
 Throw Flame              Conj/Fire      #####.       1%          2    None
 Conjure Flame            Conj/Fire      #####...     1%          3    None
 Mephitic Cloud           Conj/Pois/Air  ###.....     1%          3    None
 Sticky Flame             Conj/Fire      #####...     1%          4    ###....
 Inner Flame              Hex/Fire       ###.....     3%          3    None
 Petrify                  Tmut/Erth      #####...     7%          4    ###....
 Poisonous Vapours        Pois/Air       #.....       10%         2    None
 Freezing Cloud           Conj/Ice/Air   ###.......   58%         6    ######.
 Ring of Flames           Chrm/Fire      ###.......   100%        7    #######


Dungeon Overview and Level Annotations

Branches:
Dungeon (12/15)            Temple (1/1) D:5            Lair (0/6) D:11
    Orc (0/2) D:10

Altars:
Ashenzari
Cheibriados
Dithmenos
Elyvilon
Fedhas
Gozag
Hepliaklqana
Kikubaaqudgha
Makhleb
Nemelex Xobeh
Okawaru
Qazlal
Ru
Sif Muna
Trog
Uskayaw
Vehumet
Wu Jian
Xom
Yredelemnul
Zin
The Shining One

Shops:
D:10 ?

Annotations:
D:11 3 runed doors, hemabe's ghost, journeyman HuAr
D:12 2 transporters, exclusion: obsidian statue


Innate Abilities, Weirdness & Mutations

You are resistant to torment.
Your stone body is resilient. (AC +8)
You are immune to poison.
You resist negative energy. (rN+)
You are resistant to electric shocks. (rElec)
You can survive without breathing.
You are immune to petrification.
You are immune to rotting.


Message History

* * * LOW HITPOINT WARNING * * *
Casting: Sandblast (safe; 1% risk of failure)
Confirm with . or Enter, or press ? or * to list all spells.
Aiming: Sandblast (safe; 1% risk of failure)
Press: ? - help, Shift-Dir - straight line, f - slime creature
Aim: a slime creature (moderately wounded)
The blast of sand hits the slime creature.
The slime creature is severely wounded.
b - 46 stones The slime creature misses you.
Casting: Sandblast (safe; 1% risk of failure)
Confirm with . or Enter, or press ? or * to list all spells.
Aiming: Sandblast (safe; 1% risk of failure)
Press: ? - help, Shift-Dir - straight line, f/p - slime creature
Aim: a slime creature (severely wounded)
The blast of sand hits the slime creature.
The slime creature is almost dead.
b - 45 stones The slime creature hits you!
You die...

##...........#.#
#..#########...#
#.##.......##..#
#.#8.#...#.8#...
##.#W..#.#.$(#.#.
##..#y......[}#...
#..©#Cy©.8..$©#©..
#...#TJ.....=:#...
#@#.#D..#.#($!#.#.
.......J#.#8.#...#.8#.#.
...######.##.......##.#.
#..#########..##
##...........##
#############


You could see a stone giant, 2 slime creatures, a troll, a wraith and 2 vampire
mosquitoes.

Vanquished Creatures
  Gastronok (D:8)
  A fire dragon (D:10)
  Erica (D:8)
  A two-headed ogre (D:8)
  Pikel (D:7)
  An ugly thing (D:11)
  A cyclops (D:11)
  Psyche (D:10)
  A komodo dragon (D:11)
  2 trolls
  Grinder (D:3)
  6 slime creatures (D:12)
  2 hippogriffs (D:8)
  A spriggan (D:7)
  A wyvern (D:11)
  A wraith (D:10)
  4 fire bats (D:10)
  2 wargs (D:10)
  Menkaure (D:4)
  A water moccasin (D:9)
  Duvessa (D:4)
  An orc warrior (D:6)
  4 sky beasts
  An ice beast (D:6)
  An eye of draining (D:7)
  A phantom (D:7)
  4 ogres
  A crocodile (D:11)
  4 centaurs
  Blork the orc (D:5)
  4 bullfrogs
  Dowan (D:4)
  A wyvern skeleton (D:11)
  A scorpion (D:7)
  9 wights
  4 electric eels (D:8)
  2 howler monkeys
  3 crimson imps
  A bullfrog zombie (D:11)
  A quasit (D:8)
  A hound (D:9)
  A centaur zombie (D:11)
  10 orc wizards
  3 bullfrog skeletons
  4 centaur skeletons
  A gnoll shaman (D:5)
  3 orc priests (D:10)
  A jelly (D:9)
  Jessica (D:3)
  Natasha (twice) (D:3)
  3 iguanas
  9 worker ants
  A hound skeleton (D:8)
  A worker ant zombie (D:11)
  12 gnolls
  11 adders
  3 shadow imps
  An ooze (D:1)
  An adder zombie (D:9)
  An adder skeleton (D:8)
  2 worms
  2 dart slugs
  5 leopard geckos
  46 orcs
  4 giant cockroaches
  14 goblins
  11 hobgoblins
  11 jackals
  4 quokkas
  2 ball pythons
  7 bats
  5 frilled lizards
  A jackal zombie (D:9)
  16 kobolds
  A quokka skeleton (D:9)
  5 rats
283 creatures vanquished.

Vanquished Creatures (others)
  A white imp (D:7)
1 creature vanquished.

Grand Total: 284 creatures vanquished

Notes
Turn   | Place    | Note
-------+----------+-------------------------------------------
     0 | D:1      | Mazzaar the Gargoyle Earth Elementalist began the quest for
                  | the Orb.
     0 | D:1      | Reached XP level 1. HP: 10/10 MP: 3/3
   272 | D:1      | Reached skill level 4 in Earth Magic
   272 | D:1      | Reached XP level 2. HP: 15/15 MP: 5/5
  1135 | D:2      | Reached XP level 3. HP: 15/19 MP: 7/7
  1140 | D:2      | Learned a level 3 spell: Stone Arrow
  1742 | D:3      | Noticed Natasha
  1743 | D:3      | Killed Natasha
  1743 | D:3      | Reached skill level 1 in Conjurations
  1743 | D:3      | Reached XP level 4. HP: 19/24 MP: 4/8
  1743 | D:3      | Noticed Grinder
  2051 | D:3      | Killed Grinder
  2051 | D:3      | Reached skill level 5 in Earth Magic
  2051 | D:3      | Reached XP level 5. HP: 12/28 MP: 0/10
  2051 | D:3      | Reached XP level 6. HP: 13/32 MP: 0/11
  2215 | D:3      | Learned a level 5 spell: Lee's Rapid Deconstruction
  2375 | D:3      | Reached skill level 6 in Earth Magic
  2553 | D:3      | Found a faded altar of an unknown god.
  2676 | D:3      | Noticed Jessica
  2695 | D:3      | Killed Jessica
  2699 | D:3      | Reached XP level 7. HP: 21/36 MP: 7/13
  3201 | D:4      | Noticed Menkaure
  3204 | D:4      | Killed Menkaure
  3298 | D:4      | Got a scorched golden ring
  3309 | D:4      | Got a warped emerald amulet
  3337 | D:4      | Identified the amulet of Eko Zead {Inacc Int+4 Dex+5
                  | Stlth+} (You found it on level 4 of the Dungeon)
  3340 | D:4      | Identified the ring "Heasuama" {rF+ rN+} (You found it on
                  | level 4 of the Dungeon)
  3817 | D:4      | Noticed Dowan
  3818 | D:4      | Noticed Duvessa
  3828 | D:4      | Killed Duvessa
  3828 | D:4      | Reached skill level 5 in Spellcasting
  3828 | D:4      | Reached skill level 7 in Earth Magic
  3831 | D:4      | Killed Dowan
  3831 | D:4      | Reached XP level 8. HP: 26/41 MP: 4/15
  3851 | D:4      | Reached skill level 5 in Conjurations
  3887 | D:3      | Noticed Natasha
  4177 | D:3      | Killed Natasha
  4855 | D:5      | Entered Level 5 of the Dungeon
  4870 | D:5      | Noticed Blork the orc
  4878 | D:5      | Killed Blork the orc
  5034 | D:5      | Found a staircase to the Ecumenical Temple.
  5043 | Temple   | Entered the Ecumenical Temple
  5091 | Temple   | Became a worshipper of Vehumet
  5651 | D:5      | Reached * piety under Vehumet
  5651 | D:5      | Offered knowledge of Freeze by Vehumet.
  5875 | D:5      | Reached skill level 1 in Fighting
  6149 | D:5      | Reached skill level 1 in Armour
  6205 | D:5      | Reached skill level 1 in Evocations
  6477 | D:5      | Reached skill level 1 in Maces & Flails
  6741 | D:6      | Reached skill level 8 in Earth Magic
  6741 | D:6      | Reached XP level 9. HP: 20/48 MP: 12/17
  8248 | D:7      | Noticed Pikel
  8263 | D:7      | Killed Pikel
  8397 | D:7      | Reached ** piety under Vehumet
  8399 | D:7      | Offered knowledge of Searing Ray by Vehumet.
  8762 | D:8      | Noticed Gastronok
  8780 | D:8      | Noticed a two-headed ogre
  8784 | D:8      | Killed Gastronok
  8784 | D:8      | Reached skill level 9 in Earth Magic
  8784 | D:8      | Reached XP level 10. HP: 58/58 MP: 19/19
  8790 | D:8      | Killed a two-headed ogre
  9082 | D:8      | Noticed Erica
  9083 | D:8      | Found an ancient bone altar of Kikubaaqudgha.
  9087 | D:8      | Killed Erica
  9087 | D:8      | Reached skill level 5 in Fighting
  9087 | D:8      | Reached skill level 5 in Armour
  9087 | D:8      | Reached XP level 11. HP: 63/63 MP: 16/21
  9544 | D:9      | Offered knowledge of Dazzling Spray by Vehumet.
 10119 | D:9      | Found an ancient bone altar of Kikubaaqudgha.
 10340 | D:10     | Entered Level 10 of the Dungeon
 10341 | D:10     | Found Bauw's Magic Scroll Shoppe.
 10353 | D:10     | Bought a scroll of enchant weapon for 75 gold pieces
 10353 | D:10     | Bought a scroll of identify for 20 gold pieces
 10353 | D:10     | Bought a scroll of teleportation for 30 gold pieces
 10384 | D:10     | Noticed Psyche
 10386 | D:10     | Paralysed by Psyche for 6 turns
 10395 | D:10     | Killed Psyche
 10399 | D:10     | Reached *** piety under Vehumet
 11004 | D:10     | Reached skill level 5 in Maces & Flails
 11010 | D:10     | Noticed a fire dragon
 11011 | D:10     | Found the +7 great mace "Firestarter" {inner flame, rF++}
 11025 | D:10     | Killed a fire dragon
 11298 | D:10     | Found a staircase to the Orcish Mines.
 11648 | D:10     | Offered knowledge of Iskenderun's Mystic Blast by Vehumet.
 11921 | D:10     | Learned a level 5 spell: Fireball
 12026 | D:11     | Reached skill level 10 in Earth Magic
 12200 | D:11     | Found a runed gate.
 12200 | D:11     | Found a runed gate.
 12202 | D:11     | Found a runed gate.
 12204 | D:11     | Noticed an ogre mage
 12211 | D:11     | Noticed hemabe's ghost (journeyman HuAr)
 12215 | D:11     | Noticed a purple ugly thing
 12219 | D:11     | Noticed a cyan ugly thing
 12227 | D:11     | Killed a cyan ugly thing
 12231 | D:11     | Reached skill level 1 in Fire Magic
 12255 | D:11     | Reached skill level 5 in Evocations
 12366 | D:11     | Noticed a cyclops
 12376 | D:11     | Killed a cyclops
 12560 | D:11     | Reached **** piety under Vehumet
 12740 | D:11     | Offered knowledge of Bolt of Magma by Vehumet.
 12756 | D:11     | Learned a level 5 spell: Bolt of Magma
 12957 | D:11     | Found a staircase to the Lair.
 13305 | D:12     | Reached skill level 5 in Dodging
 13400 | D:12     | Noticed a storm dragon
 13405 | D:12     | Reached XP level 12. HP: 70/70 MP: 17/23
 13411 | D:12     | Noticed a stone giant
 13435 | D:12     | Found a transporter.
 13456 | D:12     | Found a transporter.
 13513 | D:12     | Slain by a slime creature

Vault maps used:
D:1:      nicolae_arrival_memento_mori, minmay_hexomino_c4
D:3:      first_ration, chequers_ecumenical_altar_simple, chequers_avenue,
          minmay_misc_feat_pillars, uniq_natasha, uniq_jessica, uniq_grinder
D:4:      ebering_dispersal_statue_hall, uniq_duvessa, uniq_menkaure
D:5:      corexii_shantytown, minmay_temple_entry_drinking_statues,
          uniq_blork_the_orc
D:7:      the_bakery, minmay_fire_ice_demons, uniq_pikel
D:8:      basic_altar, chequers_big_river, uniq_erica, uniq_gastronok
D:9:      kennysheep_mini, roderic_lattice_a
D:10:     minmay_firetagon, erik_orc_4, serial_shops,
          nicolae_shop_temple_entry_statues_fountains, grunt_ministairs_13,
          uniq_psyche
D:11:     minmay_goldmine, david_lair_shrubbed, gammafunk_ghost_split
D:12:     gammafunk_sealed_arena, kennysheep_just_a_vault
Temple:   kilobyte_greek_temple

Skill      XL: |  1  2  3  4  5  6  7  8  9 10 11 12 |
---------------+-------------------------------------+-----
Earth Magic    | 4 5 6 7 8 9 10 | 10.3
Spellcasting   | 3 4 5 6 7 |  7.6
Conjurations   | 1 3 4 5 7 8 |  8.3
Fighting       | 2 4 5 6 |  6.3
Armour         | 2 4 5 6 |  6.0
Dodging        | 2 3 4 5 |  5.0
Evocations     | 1 3 4 5 |  5.3
Maces & Flails | 1 3 4 5 |  5.7
Fire Magic     | 2 3 |  3.0
Stealth        | |  2.1
Transmutations | |  0.7

Action                   |  1- 3 |  4- 6 |  7- 9 | 10-12 || total
-------------------------+-------+-------+-------+-------++-------
Melee: Club              |     8 |       |       |       ||     8
       Mace              |    67 |    77 |   112 |       ||   256
       Morningstar       |       |       |   184 |   150 ||   334
       Broad axe         |       |       |    33 |       ||    33
       Great mace        |       |       |       |    37 ||    37
 Cast: Sandblast         |     9 |    14 |    94 |   156 ||   273
       Stone Arrow       |       |     3 |    12 |    12 ||    27
       Lee's Rapid Decon |       |       |     8 |     2 ||    10
       Bolt of Magma     |       |       |       |     7 ||     7
       Fireball          |       |       |       |     2 ||     2
Evoke: Wand              |       |       |     5 |     1 ||     6
  Use: Scroll            |       |       |    14 |     9 ||    23
       Potion            |       |       |     2 |     4 ||     6
 Stab: Sleeping          |     1 |     2 |     4 |     1 ||     8
       Invisible         |       |       |       |     1 ||     1
  Eat: Chunk             |     2 |     1 |    20 |    17 ||    40
       Ration            |       |     1 |     1 |       ||     2
Armor: Robe              |    33 |    39 |   161 |   141 ||   374
Dodge: Dodged            |    66 |    80 |   296 |   222 ||   664

Table legend:
 A = Non-vault XP
 B = Vault XP
 C = Vault XP percentage of total XP
 D = Non-vault monster count
 E = Vault monster count
 F = Vault count percentage of total count
                 A         B        C        D         E       F
            +---------+---------+-------+---------+---------+-------
      Total |   11021 |    8376 |  43.2 |     194 |      89 |  31.4
            +---------+---------+-------+---------+---------+-------
        D:1 |      14 |      14 |  50.0 |      10 |       6 |  37.5
        D:2 |      83 |       0 |   0.0 |      18 |       0 |   0.0
        D:3 |     225 |     351 |  60.9 |      23 |       3 |  11.5
        D:4 |     215 |     398 |  64.9 |      14 |       3 |  17.6
        D:5 |     398 |     230 |  36.6 |      14 |      38 |  73.1
        D:6 |     875 |       0 |   0.0 |      16 |       0 |   0.0
        D:7 |     554 |     919 |  62.4 |      13 |       3 |  18.8
        D:8 |    2041 |    2970 |  59.3 |      18 |       2 |  10.0
        D:9 |     919 |       0 |   0.0 |      25 |       0 |   0.0
       D:10 |     966 |    3010 |  75.7 |      10 |      22 |  68.8
       D:11 |    2861 |     484 |  14.5 |      27 |      12 |  30.8
       D:12 |    1870 |       0 |   0.0 |       6 |       0 |   0.0
            +---------+---------+-------+---------+---------+-------
